 Dungeon Crawl Stone Soup version 0.21-a0-519-gb765982 (webtiles) character file.

404 Spazmo the Conjurer (level 6, -6/32 HPs)
             Began as a Deep Elf Conjurer on Dec 4, 2017.
             Mangled by a centaur (8 damage)
             ... on level 4 of the Dungeon.
             The game lasted 00:07:05 (3110 turns).

Spazmo the Conjurer (Deep Elf Conjurer)             Turns: 3110, Time: 00:07:06

Health: -6/32      AC:  3    Str:  5    XL:     6   Next: 56%
Magic:  7/17       EV: 13    Int: 22    God:
Gold:   178        SH:  0    Dex: 15    Spells: 7/18 levels left

rFire    . . .     SeeInvis .   q - +1 short sword
rCold    . . .     Gourm    .   (no shield)
rNeg     . . .     Faith    .   a - +1 robe
rPois    .         Spirit   .   (no helmet)
rElec    .         Reflect  .   (no cloak)
rCorr    .         Harm     .   (no gloves)
MR       .....                  (no boots)
Stlth    ++........             (no amulet)
HPRegen  0.10/turn              (no ring)
MPRegen  0.15/turn              (no ring)

@: no status effects
A: no striking features
a: no special abilities


You were on level 4 of the Dungeon.
You were not hungry.

You visited 1 branch of the dungeon, and saw 4 of its levels.

You collected 178 gold pieces.

Inventory:

Hand Weapons
 q - a +1 short sword (weapon)
Missiles
 e - 2 curare-tipped needles
 k - 164 stones (quivered)
Armour
 a - a +1 robe (worn)
Wands
 j - a wand of random effects (20)
Scrolls
 d - a scroll of enchant weapon
 g - a scroll of remove curse
 p - a scroll of fog
 r - a scroll of identify
 s - 2 scrolls of teleportation
 t - a scroll of amnesia
Potions
 h - a potion of magic {unknown}
 m - 2 potions of might
 n - a potion of haste {unknown}
 o - a potion of curing {unknown}
 v - a potion of resistance {unknown}
Books
 b - a book of Conjurations

   Spells                             Type                      Level
   a - Magic Dart                     Conjuration                  1
   b - Searing Ray                    Conjuration                  2
   c - Dazzling Spray                 Conjuration/Hexes            3
   d - Fulminant Prism                Conjuration/Hexes            4
   e - Force Lance                    Conjuration/Translocation    4
   f - Iskenderun's Mystic Blast      Conjuration                  4
Comestibles
 c - 3 bread rations
 f - 8 chunks of flesh
 i - a meat ration
 l - a royal jelly


   Skills:
 - Level 3.1 Dodging
 - Level 3.0 Stealth
 + Level 6.7 Spellcasting
 + Level 6.7 Conjurations


You had 7 spell levels left.
You knew the following spells:

 Your Spells              Type           Power        Failure   Level  Hunger
a - Magic Dart            Conj           ####         1%          1    None
b - Searing Ray           Conj           #####.       1%          2    None
c - Force Lance           Conj/Tloc      ###.....     22%         4    ###....
d - Iskenderun's Mystic   Conj           #####...     5%          4    ###....


Dungeon Overview and Level Annotations

Branches:
Dungeon (4/15)
 Temple: D:4-7

Altars:
Ashenzari
Fedhas
Xom

Annotations:
D:4 Spazmo's ghost, novice DEFE


Message History

Aim: a centaur The searing ray hits the centaur.
The centaur is lightly wounded. (Press . to maintain the ray.)
The centaur barely misses you. The giant cockroach closely misses you.
The searing ray hits the centaur.
The centaur is lightly wounded.
The centaur hits you!
* * * LOW HITPOINT WARNING * * *
The giant cockroach closely misses you. The quokka closely misses you.
The centaur barely misses you.
The searing ray hits the centaur.
The centaur is heavily wounded.
The giant cockroach completely misses you.
The quokka barely misses you. The centaur hits you.
* * * LOW HITPOINT WARNING * * *
The searing ray hits the centaur.
The centaur is almost dead.
You finish channeling your searing ray.
The centaur hits you!
You die...

#........#....##...##..
#........'....##...##.[
#.......#....##...##..
#......(#....##...##..
#.......#....##... #..
#.......#....##... ###
###..(.##....#
#....#######
#..@s...... #..cr......
#.......... #..........
#.......... #....######
######


You could see a centaur, a quokka and a giant cockroach.

Vanquished Creatures
  The ghost of darosk the Sneak, an amateur SpEn (D:3)
  A bullfrog (D:4)
  A centaur skeleton (D:3)
  Jessica (D:3)
  An orc wizard (D:4)
  A worker ant (D:4)
  An adder (D:2)
  An ooze (D:3)
  5 worms
  3 dart slugs
  A leopard gecko (D:4)
  5 orcs
  8 bats
  2 goblins
  4 hobgoblins
  7 jackals
  8 kobolds
  A quokka (D:4)
  A ball python (D:2)
  3 frilled lizards
  6 rats
62 creatures vanquished.

Notes
Turn   | Place    | Note
-------+----------+-------------------------------------------
     0 | D:1      | Spazmo the Deep Elf Conjurer began the quest for the Orb.
     0 | D:1      | Reached XP level 1. HP: 10/10 MP: 6/6
   261 | D:1      | Reached XP level 2. HP: 15/15 MP: 5/8
   599 | D:1      | Learned a level 2 spell: Searing Ray
   860 | D:2      | Found a shimmering altar of Xom.
   868 | D:2      | Reached XP level 3. HP: 19/19 MP: 5/10
  1481 | D:3      | Reached skill level 5 in Conjurations
  1715 | D:3      | Reached XP level 4. HP: 24/24 MP: 10/12
  1732 | D:3      | Learned a level 4 spell: Force Lance
  1737 | D:3      | Learned a level 4 spell: Iskenderun's Mystic Blast
  1788 | D:3      | Noticed Jessica
  1791 | D:3      | Killed Jessica
  1809 | D:3      | Noticed darosk's ghost (amateur SpEn)
  1825 | D:3      | Killed darosk's ghost
  1825 | D:3      | Reached skill level 5 in Spellcasting
  1825 | D:3      | Reached XP level 5. HP: 24/28 MP: 3/15
  2025 | D:3      | Reached XP level 6. HP: 32/32 MP: 12/17
  2546 | D:4      | Found a shattered altar of Ashenzari.
  2546 | D:4      | Found a blossoming altar of Fedhas.
  2546 | D:4      | Noticed Spazmo's ghost (novice DEFE)
  3110 | D:4      | Mangled by a centaur

Vault maps used:
D:1:      minmay_arrival_wavy_path
D:2:      xom_butterflies, kennysheep_decorative_pillar
D:3:      first_bread, uniq_jessica
D:4:      chequers_temple_overflow_statue_of_worship,
          gammafunk_temple_overflow_statue, nicolae_ossuary_entry_giza

Skill      XL: |  1  2  3  4  5 |
---------------+----------------+-----
Stealth        | 3 |  3.0
Dodging        | 3 |  3.1
Spellcasting   | 4 5 6 |  6.7
Conjurations   | 5 6 |  6.7

Action                   |  1- 3 |  4- 6 || total
-------------------------+-------+-------++-------
Melee: Unarmed           |    10 |       ||    10
       Short sword       |     1 |       ||     1
 Cast: Magic Dart        |    69 |    37 ||   106
       Searing Ray       |     4 |    11 ||    15
  Use: Scroll            |     9 |     1 ||    10
  Eat: Chunk             |     1 |     1 ||     2
       Meat ration       |       |     1 ||     1
Armor: Robe              |       |     2 ||     2
Dodge: Dodged            |    20 |    21 ||    41

Table legend:
 A = Spawn XP
 B = Non-spawn XP
 C = Spawn XP percentage of total XP
 D = Spawn monster count
 E = Non-spawn monster count
 F = Spawn count percentage of total count
 G = Total turns spent on level
                    A         B        C        D         E        F      G
               +---------+---------+-------+---------+---------+-------+---------
         Total |       0 |     578 |   0.0 |       0 |      62 |   0.0 |  3110
               +---------+---------+-------+---------+---------+-------+---------
           D:1 |       0 |      19 |   0.0 |       0 |      11 |   0.0 |   627
           D:2 |       0 |      58 |   0.0 |       0 |      24 |   0.0 |   803
           D:3 |       0 |     305 |   0.0 |       0 |      12 |   0.0 |  1346
           D:4 |       0 |     196 |   0.0 |       0 |      15 |   0.0 |   334
               +---------+---------+-------+---------+---------+-------+---------
